 Dungeon Crawl Stone Soup version 0.21.1-1-g345015f (webtiles) character file.

68 kae the Insei (level 4, 0/33 HPs)
             Began as a Demonspawn Transmuter on June 14, 2018.
             Succumbed to an adder's poison
             ... on level 2 of the Dungeon.
             The game lasted 00:01:37 (1917 turns).

kae the Insei (Demonspawn Transmuter)               Turns: 1917, Time: 00:01:38

Health: 0/33       AC:  4    Str:  8 (10) XL:     4   Next: 1%
Magic:  5/7        EV: 12    Int: 12 (15) God:
Gold:   70         SH:  0    Dex: 11 (14) Spells: 1/7 levels left

rFire    . . .     SeeInvis .     - Unarmed
rCold    . . .     Gourm    .   (no shield)
rNeg     . . .     Faith    .   b - +0 robe
rPois    .         Spirit   +   (helmet restricted)
rElec    .         Reflect  .   (no cloak)
rCorr    .         Harm     .   (no gloves)
MR       .....     Clarity  +   (no boots)
Stlth    +.........             (no amulet)
HPRegen  0.11/turn              (no ring)
MPRegen  0.10/turn              (no ring)

@: lethally poisoned (0 -> -2)
A: horns 1, iridescent scales 1, clarity, wild magic 1, magic shield
a: no special abilities


You were on level 2 of the Dungeon.
You were not hungry.

You visited 1 branch of the dungeon, and saw 2 of its levels.

You collected 70 gold pieces.

Inventory:

Missiles
 a - 35 arrows
Armour
 b - a +0 robe (worn)
Scrolls
 e - a scroll of enchant armour {unknown}
 f - 2 scrolls of teleportation {unknown}
 g - 6 scrolls of identify {unknown}
 h - a scroll of magic mapping {unknown}
 k - 2 scrolls of remove curse {unknown}
 m - a scroll of enchant weapon {unknown}
Potions
 j - a potion of degeneration
Books
 c - a book of Changes

   Spells                             Type                      Level
   a - Beastly Appendage              Transmutation                1
   b - Sticks to Snakes               Transmutation                2
   c - Spider Form                    Transmutation/Poison         3
   d - Ice Form                       Ice/Transmutation            4
   e - Blade Hands                    Transmutation                5
Comestibles
 d - 2 rations
 l - 4 chunks of flesh


   Skills:
 + Level 1.6 Fighting
 + Level 2.2 Dodging
 * Level 3.4 Unarmed Combat
 + Level 2.3 Spellcasting
 + Level 2.2 Transmutations


You had one spell level left.
You knew the following spells:

 Your Spells              Type           Power        Failure   Level  Hunger
a - Beastly Appendage     Tmut           #.....       16%         1    ##.....
b - Sticks to Snakes      Tmut           #.......     22%         2    ###....
c - Spider Form           Tmut/Pois      #.........   54%         3    ####...


Dungeon Overview and Level Annotations

Branches:
Dungeon (2/15)

Altars:
Nemelex Xobeh


Innate Abilities, Weirdness & Mutations

You are partially covered in iridescent scales. (AC +2)
When hurt, damage is shared between your health and your magic reserves.
You have a pair of small horns on your head.
You possess an exceptional clarity of mind.
Your spells are a little harder to cast, but a little more powerful.


Message History

* * * LOW HITPOINT WARNING * * *
You feel sick.
There is a lethal amount of poison in your body!
There is a lethal amount of poison in your body!
* * * LOW HITPOINT WARNING * * *
You feel sick.
You see here a dart slug corpse.
* * * LOW HITPOINT WARNING * * *
You feel sick.
Found a ring mail.
Found a scroll labeled WOAFIT VOFUGHU.
* * * LOW HITPOINT WARNING * * *
You feel sick.
* * * LOW HITPOINT WARNING * * *
You feel sick.
You see here a scroll labeled WOAFIT VOFUGHU.
g - 6 scrolls labeled WOAFIT VOFUGHU (gained 1)
* * * LOW HITPOINT WARNING * * *
You feel sick.
You die...

...### .♣..... .#
......###.#
♣#♣....#...###
....$.⌠.⌠...
#......_..#
#.#...⌠.⌠.#
#@#.......#
#.#......#####.[
#.#.............
#......#.######.
###....#.†#
#######.## #.%#
##.#####..
#########.......<


There were no monsters in sight!

Vanquished Creatures
  2 adders (D:2)
  2 dart slugs
  2 leopard geckos (D:1)
  An orc (D:2)
  10 goblins
  4 hobgoblins (D:1)
  4 jackals (D:2)
  7 kobolds (D:1)
  A quokka (D:2)
  2 ball pythons (D:1)
  3 frilled lizards
  3 rats (D:1)
41 creatures vanquished.

Vanquished Creatures (others)
  3 plants (D:1)
3 creatures vanquished.

Grand Total: 44 creatures vanquished

Notes
Turn   | Place    | Note
-------+----------+-------------------------------------------
     0 | D:1      | kae the Demonspawn Transmuter began the quest for the Orb.
     0 | D:1      | Reached XP level 1. HP: 15/15 MP: 3/3
   416 | D:1      | Gained mutation: When hurt, damage is shared between your health and your magic reserves. [demonic ancestry]
   416 | D:1      | Reached XP level 2. HP: 2/21 MP: 3/5
   810 | D:1      | Reached skill level 3 in Unarmed Combat
  1296 | D:1      | Gained mutation: You are partially covered in iridescent scales. (AC +2) [demonic ancestry]
  1296 | D:1      | Reached XP level 3. HP: 26/26 MP: 4/6
  1745 | D:2      | Learned a level 2 spell: Sticks to Snakes
  1749 | D:2      | Learned a level 3 spell: Spider Form
  1875 | D:2      | Found a sparkling altar of Nemelex Xobeh.
  1897 | D:2      | Reached XP level 4. HP: 8/33 MP: 3/7
  1900 | D:2      | Gained mutation: Your spells are a little harder to cast, but a little more powerful. [potion of mutation]
  1900 | D:2      | Gained mutation: You have a pair of small horns on your head. [potion of mutation]
  1900 | D:2      | Gained mutation: You possess an exceptional clarity of mind. [potion of mutation]
  1913 | D:2      | HP: 1/33 [poisoned by an adder]
  1917 | D:2      | Succumbed to an adder's poison

Skill      XL: |  1  2 |
---------------+-------+-----
Unarmed Combat | 3 |  3.4
Dodging        | 2 |  2.2
Transmutations | 2 |  2.2
Fighting       | |  1.6
Spellcasting   | |  2.3

Action                   |  1- 3 |  4- 6 || total
-------------------------+-------+-------++-------
Melee: Unarmed           |   143 |       ||   143
       Kick              |    11 |       ||    11
       Headbutt          |     5 |       ||     5
       Punch             |     3 |       ||     3
 Cast: Beastly Appendage |    17 |       ||    17
  Use: Potion            |       |     2 ||     2
 Stab: Sleeping          |     2 |       ||     2
  Eat: Ration            |     1 |       ||     1
Armor: Robe              |    18 |       ||    18
Dodge: Dodged            |   109 |       ||   109
